 Dungeon Crawl Stone Soup version 0.28-a0-779-g3d1f99b579 (webtiles) character file.

Game seed: 3146450677044444546

0 spiderkeys the Ducker (level 1, -3/11 HPs)
             Began as a Spriggan Abyssal Knight on Nov 2, 2021.
             Was a Follower of Lugonu.
             Killed from afar by a raiju (14 damage)
             ... with a living lightning
             ... on level 5 of the Abyss.
             The game lasted 00:03:18 (496 turns).

spiderkeys the Ducker (Spriggan Abyssal Knight)      Turns: 496, Time: 00:03:19

Health: -3/11      AC:  2    Str:  9    XL:     1   Next: 0%
Magic:  3/3        EV: 17    Int: 11    God:    Lugonu [*.....]
Gold:   0          SH:  0    Dex: 15    Spells: 0/0 levels left

rFire   . . .      SeeInvis +   a - +1 short sword
rCold   . . .      Faith    .   (shield restricted)
rNeg    . . .      Spirit   .   b - +0 robe
rPois   .          Reflect  .   (helmet restricted)
rElec   .          Harm     .   (no cloak)
rCorr   .          Rampage  .   (gloves unavailable)
Will    .....                   (boots unavailable)
Stlth   +.........              (no amulet)
HPRegen 0.03/turn               (no ring)
MPRegen 0.08/turn               (no ring)

@: about to teleport, very quick
A: very small, no large weapons, unfitting armour, see invisible, speed 3
a: Renounce Religion, Depart the Abyss


You were on level 5 of the Abyss.
You worshipped Lugonu.
Lugonu was aware of your devotion.
You visited 0 branches of the dungeon, and saw 0 of its levels.
You visited the Abyss 1 time.


Innate Abilities, Weirdness & Mutations

You are very small and have problems with some larger weapons.
You are too small for most types of armour.
You have supernaturally acute eyesight. (SInv)
You cover ground extremely quickly. (Speed+++)


   Skills:
 + Level 2.4 Fighting
 + Level 2.1 Short Blades
 + Level 3.2 Dodging
 + Level 1.7 Invocations


You couldn't memorise any spells.
You didn't know any spells.
Your spell library contained the following spells:

 Spells                   Type           Power      Damage    Failure   Level
 Sting                    Tmut/Pois      0%         1d3       34%         1
 Poisonous Vapours        Pois/Air       0%         N/A       47%         2
 Olgreb's Toxic Radiance  Pois           0%         N/A       98%         4

Inventory:

Hand Weapons
 a - a +1 short sword (weapon)
Armour
 b - a +0 robe (worn)
Wands
 d - a wand of paralysis (6)
   (You found it on level 2 of the Abyss)
Scrolls
 c - a scroll of identify {@r1}
Potions
 e - a potion of cancellation {unknown}
 f - a potion of invisibility {unknown}

Dungeon Overview and Level Annotations

Branches:
Dungeon (0/15)

Altars:

8..≈## .... ##
....##..... ♣..
....#...#.. ....
#. #....... .....
#.........#
#.....##..#.# ....
.........##.#..#..
$. ..#.##.#.......
...#....h.@.......
. ......#hh.......
...........##.....
##.......... ....
...#.#....... ..#
.#........... #.
.........#..
.....#.....


You could see 3 raiju.


Message History

A large abomination comes into view.
You feel yourself growing ill in the presence of the ancient zyme.
A large abomination comes into view.
The will-o-the-wisp gives a chilling moan.
The ancient zyme misses you. The ancient zyme barely misses you.
You feel ill.
You feel ill.
The will-o-the-wisp gestures.
The will-o-the-wisp conjures some foxfire!
A foxfire comes into view.
You feel ill.
A tormentor comes into view.
The tormentor says, "I will drown you in your own blood."
Found a gateway leading out of the Abyss.
e - an emerald potion
Okay, then.
As you read the scroll of identify {@r1}, it crumbles to dust.
e - a potion of heal wounds You enter the shallow water.
Moving in this stuff is going to be slow.
A ynoxinul comes into view.
The ynoxinul bellows!
The ynoxinul gestures.
You enter the shallow water.
Moving in this stuff is going to be slow.
An apocalypse crab comes into view.
Unknown command.
e - 2 potions of heal wounds {@q2} (gained 1)
The ynoxinul gestures.
A white imp comes into view.
The white imp shouts!
The white imp gestures at you. The puff of frost hits you!
Ouch! That really hurt!
* * * LOW HITPOINT WARNING * * *
😱 HP[-9]
You take 9 damage, and now have 2/11 hp.
MASSIVE DAMAGE!! (PAUSE)
You feel much better. 😎 HP[+9]
Your hp is fully restored (11).
The ufetubus hits you. x2
* * * LOW HITPOINT WARNING * * *
😱 HP[-9]
You take 9 damage, and now have 2/11 hp.
MASSIVE DAMAGE!! (PAUSE)
You feel much better. The ufetubus barely misses you.
The ufetubus misses you. 😎 HP[+9]
Your hp is fully restored (11).
An anaconda skeleton comes into view.
A shadow wraith comes into view.
The shadow wraith gives a chilling moan.
You see here a +0 scale mail.
You see here a bubbling white potion.
e - a bubbling white potion You feel your health improve.
A tentacled starspawn comes into view.
Tentacles burst from the starspawn's body! 2 starspawn tentacles come into view.
Found a gateway leading deeper into the Abyss.
Found a gateway leading deeper into the Abyss.
There is a gateway leading deeper into the Abyss here.
A bunyip simulacrum comes into view.
There is a gateway leading deeper into the Abyss here.
You plunge deeper into the Abyss.
The abyssal rune of Zot can be found at this depth.
A smoke demon comes into view.
The smoke demon roars!
A small abomination comes into view.
The neqoxec shouts!
You hear a horrible gurgling sound!
You hear a shout!
You hear a horrible gurgling sound!
The neqoxec shouts!
You hear a horrible gurgling sound!
A smoke demon comes into view.
The white very ugly thing gurgles horribly!
You hear a shout!
You hear a horrible gurgling sound!
Found a gateway leading deeper into the Abyss.
A small abomination comes into view.
A will-o-the-wisp comes into view.
The will-o-the-wisp gives a chilling moan.
There is a gateway leading deeper into the Abyss here.
You plunge deeper into the Abyss.
The abyssal rune of Zot can be found at this depth.
Found a gateway leading deeper into the Abyss.
There is a gateway leading deeper into the Abyss here.
f - a fuming golden potion
There is a gateway leading deeper into the Abyss here.
You plunge deeper into the Abyss.
The abyssal rune of Zot can be found at this depth.
A raiju comes into view. 2 raiju come into view.
The raiju barks! x3
You see here a scroll labelled QEWKEU WEMURE.
As you read the scroll labelled QEWKEU WEMURE, it crumbles to dust.
You feel strangely unstable.
You feel the power of the Abyss delaying your translocation!
It was a scroll of teleportation.
The raiju bursts into living lightning!
The living lightning hits you!
Ouch! That really hurt!
You die...

Action                   || total
-------------------------++-------
  Use: Scroll            ||     3
       Potion            ||     2
Dodge: Dodged            ||     4

Levels and vault maps discovered:
Abyss:5:  base: Temple, abyss_greek_temple, grunt_abyss_rune_forest_and_sorcery

Notes
Turn   | Place    | Note
-------+----------+-------------------------------------------
     0 | Abyss:1  | spiderkeys the Spriggan Abyssal Knight began the quest for
                  | the Orb.
     0 | Abyss:1  | Reached XP level 1. HP: 11/11 MP: 3/3
     0 | Abyss:1  | magus.rc [v1.9.10]
    40 | Abyss:2  | You add the spells Sting, Poisonous Vapours and Olgreb's
                  | Toxic Radiance to your library.
    56 | Abyss:2  | Noticed a quasit
    61 | Abyss:2  | Noticed a large abomination
    82 | Abyss:2  | Noticed a chaos spawn
   119 | Abyss:2  | Noticed a large abomination
   124 | Abyss:2  | Noticed an ancient zyme
   130 | Abyss:2  | Noticed a large abomination
   138 | Abyss:2  | Noticed a large abomination
   139 | Abyss:2  | Noticed a will-o-the-wisp
   157 | Abyss:2  | Noticed a tormentor
   212 | Abyss:2  | Noticed a ynoxinul
   220 | Abyss:2  | Noticed an apocalypse crab
   232 | Abyss:2  | Noticed an efreet
   237 | Abyss:2  | HP: 2/11 [white imp/puff of frost (9)]
   246 | Abyss:2  | HP: 2/11 [ufetubus[a ynoxinul] (4)]
   278 | Abyss:2  | Noticed an anaconda skeleton
   281 | Abyss:2  | Noticed a shadow wraith
   305 | Abyss:2  | Noticed a glowing orange brain
   328 | Abyss:2  | Noticed a tentacled starspawn
   366 | Abyss:2  | Noticed a bunyip simulacrum
   378 | Abyss:3  | Noticed an orange crystal statue
   398 | Abyss:3  | Noticed a smoke demon
   420 | Abyss:3  | Noticed a small abomination
   422 | Abyss:3  | Noticed a starcursed mass
   422 | Abyss:3  | Noticed a neqoxec
   429 | Abyss:3  | Noticed an orange crystal statue
   429 | Abyss:3  | Noticed a neqoxec
   429 | Abyss:3  | Noticed a neqoxec
   431 | Abyss:3  | Noticed a glowing orange brain
   438 | Abyss:3  | Noticed a smoke demon
   444 | Abyss:3  | Noticed a white very ugly thing
   444 | Abyss:3  | Noticed a starcursed mass
   451 | Abyss:3  | Noticed a small abomination
   454 | Abyss:3  | Noticed a small abomination
   458 | Abyss:3  | Noticed a will-o-the-wisp
   490 | Abyss:5  | Entered Level 5 of the Abyss
   493 | Abyss:5  | Noticed a raiju
   494 | Abyss:5  | Noticed a raiju
   494 | Abyss:5  | Noticed a raiju
   496 | Abyss:5  | Killed from afar by a raiju

Vanquished Creatures (others)
  2 foxfires (Abyss:2)
  2 starspawn tentacles (Abyss:2)
4 creatures vanquished.

Table legend:
 A = Non-vault XP
 B = Vault XP
 C = Vault XP percentage of total XP
 D = Non-vault monster count
 E = Vault monster count
 F = Vault count percentage of total count
                 A         B        C        D         E       F
            +---------+---------+-------+---------+---------+-------
      Total |       0 |       0 |   N/A |       0 |       0 |  -nan
            +---------+---------+-------+---------+---------+-------
            +---------+---------+-------+---------+---------+-------

Illustrated notes

Table legend: (Time is in decaauts)
 A = Elapsed time spent in this place.
 B = Non-inter-level travel time spent in this place.
 C = Inter-level travel time spent in this place.
 D = Time resting spent in this place.
 E = Time spent auto-exploring this place.
 F = Levels seen in this place.
 G = Mean time per level.
                   A        B        C        D        E       F      G
               +--------+--------+--------+--------+--------+-----+--------+
         Total |    306 |    306 |      0 |      0 |     13 |   5 |   61.2 |
         Abyss |    306 |    306 |      0 |      0 |     13 |   5 |   61.2 |
               +--------+--------+--------+--------+--------+-----+--------+

Top non-repeatable levels by time:
 Abyss:2: 216 daAuts
 Abyss:3: 56 daAuts
 Abyss:4: 17 daAuts
 Abyss:1: 11 daAuts
 Abyss:5: 3 daAuts
